 Dungeon Crawl Stone Soup version 0.22-a0-322-g60b3cfd (webtiles) character file.

8350 sankara the Severer (level 11, -2/95 HPs)
             Began as a Hill Orc Monk on Apr 4, 2018.
             Was an Elder of Kikubaaqudgha.
             Slain by a manticore (6 damage)
             ... on level 11 of the Dungeon.
             The game lasted 00:48:21 (13068 turns).

sankara the Severer (Hill Orc Monk)                Turns: 13068, Time: 00:48:21

Health: -2/95      AC: 10    Str: 15    XL:     11   Next: 29%
Magic:  8/15       EV: 12    Int: 13    God:    Kikubaaqudgha [****..]
Gold:   564        SH:  5    Dex: 13    Spells: 9/16 levels left

rFire    + . .     SeeInvis .   a - +3 hand axe (venom)
rCold    x . .     Gourm    .   f - +0 buckler
rNeg     . . .     Faith    .   N - +2 leather armour {rPois}
rPois    +         Spirit   .   B - +0 helmet
rElec    .         Reflect  .   e - +1 cloak {rPois}
rCorr    .         Harm     .   J - +0 pair of gloves
MR       .....                  (no boots)
Stlth    +.........             D - amulet of regeneration {+regen, !d}
HPRegen  0.65/turn              (no ring)
MPRegen  0.14/turn              M - ring of fire {rF+, rC-}

@: very slightly contaminated, drained
A: no striking features
a: Receive Corpses, Renounce Religion


You were on level 11 of the Dungeon.
You worshipped Kikubaaqudgha.
Kikubaaqudgha was greatly pleased with you.
You were not hungry.

You visited 2 branches of the dungeon, and saw 12 of its levels.
You also visited: Sewer.

You collected 609 gold pieces.
You spent 45 gold pieces at shops.

Inventory:

Hand Weapons
 a - a +3 hand axe of venom (weapon)
   (You found it on level 1 of the Dungeon)
 b - a +1 hand axe of electrocution
   (You took it off a wight on level 9 of the Dungeon)
 K - a +0 hunting sling
   (You found it on level 3 of the Dungeon)
 P - a +4 hand axe
   (You took it off a wight on level 11 of the Dungeon)
Missiles
 i - 2 curare-tipped needles
 j - 298 stones (quivered)
 o - 44 sling bullets
 u - 13 tomahawks
Armour
 d - a +1 chain mail
   (You found it on level 1 of the Dungeon)
 e - a +1 cloak of poison resistance (worn)
   (You took it off Crazy Yiuf on level 5 of the Dungeon)
 f - a +0 buckler (worn)
   (You found it on level 3 of the Dungeon)
 q - a +0 scale mail
   (You found it on level 5 of the Dungeon)
 B - a +0 helmet (worn)
   (You found it on level 8 of the Dungeon)
 E - a +2 shield
   (You found it on level 8 of the Dungeon)
 J - a +0 pair of gloves (worn)
   (You found it on level 9 of the Dungeon)
 N - a +2 leather armour of poison resistance (worn)
   (You took it off an orc on level 10 of the Dungeon)
Magical Staves
 v - an uncursed staff of summoning {!a}
   (You found it on level 6 of the Dungeon)
Jewellery
 r - an uncursed ring of protection from fire {rF+, !d}
   (You found it on level 6 of the Dungeon)
 D - an amulet of regeneration (around neck) {+regen, !d}
   (You found it on level 8 of the Dungeon)
 M - a ring of fire (right hand) {rF+, rC-}
   (You found it on level 10 of the Dungeon)
Wands
 F - a wand of enslavement (13)
   (You found it on level 8 of the Dungeon)
 I - a wand of flame (41)
   (You found it on level 9 of the Dungeon)
 O - a wand of paralysis (12)
   (You found it on level 10 of the Dungeon)
Scrolls
 l - 2 scrolls of magic mapping {!r}
 s - 2 scrolls of enchant armour
 w - 3 scrolls of teleportation
 y - a scroll of enchant weapon
 C - 3 scrolls of amnesia
 G - 3 scrolls of remove curse
 H - 3 scrolls of identify
Potions
 g - 2 potions of berserk rage {unknown}
 h - a potion of invisibility
 m - 3 potions of lignification {!q}
 p - 3 potions of flight
 t - a potion of might
 x - 2 potions of brilliance
 z - a potion of ambrosia
 A - 2 potions of curing
Comestibles
 c - 21 rations
 L - 20 chunks of flesh {@w0}


   Skills:
 + Level 8.6(8.0) Fighting
 * Level 15.1(14.5) Axes
 + Level 7.0(6.5) Armour
 - Level 2.4(1.9) Dodging
 - Level 1.5(1.1) Stealth
 - Level 4.1(3.6) Shields
 + Level 3.2(2.7) Spellcasting
 - Level 1.0(0.5) Charms
 + Level 5.5(5.0) Necromancy


You had 9 spell levels left.
You knew the following spells:

 Your Spells              Type           Power        Failure   Level  Hunger
a - Sublimation of Blood  Necr           ##........   6%          2    ###....
b - Pain                  Necr           ##..         3%          1    #......
c - Animate Skeleton      Necr           N/A          3%          1    #......
d - Regeneration          Chrm/Necr      #.........   28%         3    ###....


Dungeon Overview and Level Annotations

Branches:
Dungeon (11/15)            Temple (1/1) D:6            Lair (0/6) D:9
    Orc (0/2) D:11

Altars:
Dithmenos
Gozag
Kikubaaqudgha
Makhleb
Nemelex Xobeh
Okawaru
Qazlal
Ru
Sif Muna
Wu Jian
Yredelemnul
Zin
The Shining One

Shops:
D:7 %=:?   D:8 %

Annotations:
D:3 Grinder
D:10 exclusion: orange crystal statue


Message History

You are poisoned.
You resist.
The bolt of poison hits your hippogriff skeleton.
Your hippogriff skeleton completely resists.
You barely miss the guardian serpent.
The guardian serpent is lightly wounded.
You feel sick.
The manticore flicks its tail.
The volley of spikes misses you.
You block the guardian serpent's attack.
You hit the guardian serpent.
The guardian serpent is poisoned.
The guardian serpent is lightly wounded.
You feel sick.
The manticore flicks its tail.
The volley of spikes hits you!
The barbed spikes become lodged in your body.
The guardian serpent hits you!
Your hippogriff skeleton completely misses the guardian serpent.
Your hippogriff skeleton pecks the guardian serpent but does no damage.
Your hippogriff skeleton barely misses the guardian serpent.
You slash the guardian serpent!
The guardian serpent is moderately wounded.
The guardian serpent hits you.
Casting: Regeneration (safe; 28% risk of failure)
Confirm with . or Enter, or press ? or * to list all spells.
You miscast Regeneration.
Nothing appears to happen.
You feel sick.
The manticore flicks its tail.
The volley of spikes misses you.
The volley of spikes hits your hippogriff skeleton.
The guardian serpent hits you!!
* * * LOW HITPOINT WARNING * * *
Your hippogriff skeleton bites the guardian serpent but does no damage.
Your hippogriff skeleton pecks the guardian serpent.
Your hippogriff skeleton barely misses the guardian serpent.
As you read the scroll of teleportation, it crumbles to dust.
You feel strangely unstable.
You feel sick.
The guardian serpent casts a spell at you.
The bolt of poison hits you!
You are more poisoned.
You resist.
* * * LOW HITPOINT WARNING * * *
The manticore bites your crocodile skeleton!!
The manticore claws your crocodile skeleton! x2
Your crocodile skeleton is destroyed!
Your hippogriff skeleton bites the guardian serpent.
Your hippogriff skeleton closely misses the guardian serpent. x2
The guardian serpent barely misses you.
You feel better.
The guardian serpent closely misses you.
You hit the guardian serpent.
The guardian serpent is heavily wounded.
You hit the manticore but do no damage.
The manticore is poisoned.
The guardian serpent closely misses you.
The manticore barely misses you. You block the manticore's attack.
The manticore claws you.
* * * LOW HITPOINT WARNING * * *
You hit the guardian serpent but do no damage.
The guardian serpent is heavily wounded.
You hit the manticore.
The guardian serpent casts a spell at you.
The bolt of poison hits you! You resist.
* * * LOW HITPOINT WARNING * * *
The bolt of poison hits your hippogriff skeleton.
Your hippogriff skeleton completely resists.
You hit the guardian serpent but do no damage.
The guardian serpent is heavily wounded.
You slash the manticore!
The manticore looks as sick as possible!
You carefully extract the barbed spikes from your body.
The manticore misses you. You block the manticore's attack.
The manticore claws you.
* * * LOW HITPOINT WARNING * * *
The guardian serpent barely misses you.
You feel much better. The guardian serpent misses you.
The manticore bites you!!
* * * LOW HITPOINT WARNING * * *
The manticore claws you but does no damage.
The manticore claws you!
* * * LOW HITPOINT WARNING * * *
Your hippogriff skeleton bites the guardian serpent!
Your hippogriff skeleton barely misses the guardian serpent.
Your hippogriff skeleton claws the guardian serpent but does no damage.
You feel much better.
Your surroundings suddenly seem different.
As you read the scroll of teleportation, it crumbles to dust.
You feel strangely unstable.
The five-headed hydra roars!
Something hits you!
* * * LOW HITPOINT WARNING * * *
Deactivating autopickup; reactivate with Ctrl-A.
You block something's attack.
Your surroundings suddenly seem different.
You closely miss the manticore.
The manticore is severely wounded.
The manticore bites you!
* * * LOW HITPOINT WARNING * * *
The manticore claws you but does no damage.
The manticore claws you.
You die...
Kikubaaqudgha rasps: "You have failed me!
Welcome... death!"

#.##### #....#
+####..#####
..##..###....### ###.##
#.. ....)...#.......
.......... ........+.....#
... ......
.......##.##.####+.#
..###..
..##...##.....##...##..##
#[##...##...............#
..).....................#
................@.......#
................H..######
#########..#..###..###.###
#..................
#..................
##..#..###..###..##
#.##.## #..# .# #.##.#
.... # #.##.# ..?..


You could see a manticore.

Vanquished Creatures
  Nergalle (D:10)
  A centaur zombie (D:10)
  A gargoyle (D:11)
  A komodo dragon (D:9)
  A hippogriff (D:7)
  A spriggan (D:8)
  Sigmund (D:6)
  A wyvern (D:11)
  5 yaks (D:9)
  A hungry ghost (D:8)
  A steam dragon (D:10)
  2 water moccasins (D:8)
  2 orc warriors
  3 ice beasts
  A phantom (D:5)
  3 sky beasts
  5 ogres
  6 centaurs
  A crocodile (D:11)
  3 big kobolds
  5 bullfrogs
  5 scorpions
  A water moccasin skeleton (D:10)
  9 wights
  3 howler monkeys
  5 crimson imps
  A quasit (D:11)
  A bullfrog zombie (D:9)
  4 hounds
  2 bullfrog skeletons
  4 orc priests
  Crazy Yiuf (D:5)
  A gnoll shaman (D:7)
  6 jellies
  10 orc wizards
  4 iguanas
  9 worker ants
  2 hound skeletons
  A howler monkey zombie (D:7)
  A worker ant zombie (D:5)
  A howler monkey skeleton (D:10)
  16 adders
  7 gnolls
  A river rat (Sewer)
  2 shadow imps
  A white imp (D:8)
  2 adder skeletons (D:4)
  5 worms
  3 dart slugs
  3 leopard geckos
  37 orcs
  7 giant cockroaches
  4 goblins
  4 hobgoblins (D:2)
  10 jackals
  18 kobolds
  6 quokkas
  5 bats
  7 frilled lizards
  A leopard gecko skeleton (D:8)
  A quokka skeleton (D:3)
  7 rats
  A plant (D:9)
265 creatures vanquished.

Vanquished Creatures (collateral kills)
  A hippogriff (D:11)
  A crocodile (D:11)
  4 wights
  A howler monkey (D:11)
  An adder (D:11)
  An orc (D:10)
  A leopard gecko skeleton (D:7)
10 creatures vanquished.

Grand Total: 275 creatures vanquished

Notes
Turn   | Place    | Note
-------+----------+-------------------------------------------
     0 | D:1      | sankara the Hill Orc Monk began the quest for the Orb.
     0 | D:1      | Reached XP level 1. HP: 19/19 MP: 1/1
   657 | D:1      | Reached XP level 2. HP: 23/27 MP: 2/2
   961 | D:2      | Reached skill level 4 in Fighting
   961 | D:2      | Reached skill level 1 in Armour
   965 | D:2      | Reached XP level 3. HP: 24/33 MP: 3/3
  1132 | D:2      | Reached skill level 5 in Axes
  1574 | D:2      | Found a stormy altar of Qazlal.
  1689 | D:3      | Reached XP level 4. HP: 39/40 MP: 4/4
  1806 | D:3      | Found a glowing drain.
  1828 | D:3      | Reached skill level 2 in Armour
  1839 | Sewer    | Entered a sewer
  1899 | Sewer    | Noticed a big kobold
  1915 | Sewer    | Killed a big kobold
  1915 | Sewer    | Reached skill level 6 in Axes
  1915 | Sewer    | Reached XP level 5. HP: 40/47 MP: 5/5
  1936 | Sewer    | Found a white marble altar of Elyvilon.
  2234 | D:3      | Found a glowing silver altar of Zin.
  2264 | D:3      | Found a deep blue altar of Sif Muna.
  2267 | D:3      | Found a shadowy altar of Dithmenos.
  2270 | D:3      | Found an opulent altar of Gozag.
  2273 | D:3      | Found an iron altar of Okawaru.
  2483 | D:3      | Noticed Grinder
  2554 | D:3      | Paralysed by Grinder for 3 turns
  3008 | D:4      | Reached skill level 5 in Fighting
  3008 | D:4      | Reached XP level 6. HP: 56/56 MP: 6/6
  3036 | D:4      | Reached skill level 3 in Armour
  3077 | D:4      | Reached skill level 7 in Axes
  3077 | D:4      | Reached skill level 1 in Shields
  3335 | D:4      | Reached skill level 2 in Shields
  3357 | D:4      | HP: 12/56 [orc priest/divine providence (10)]
  3364 | D:4      | HP: 12/56 [adder (1)]
  3374 | D:4      | HP: 12/56 [adder (2)]
  3386 | D:4      | HP: 11/56 [adder (1)]
  3391 | D:4      | HP: 6/56 [poisoned by an adder]
  3393 | D:4      | HP: 2/56 [adder (3)]
  3398 | D:4      | HP: 21/84 [poisoned by an adder]
  3399 | D:4      | Reached XP level 7. HP: 23/61 MP: 7/7
  3405 | D:4      | HP: 17/91 [gnoll/halberd (6)]
  3411 | D:4      | HP: 11/91 [gnoll/halberd (7)]
  3416 | D:4      | Reached skill level 8 in Axes
  4020 | D:5      | Entered Level 5 of the Dungeon
  4228 | D:5      | Reached skill level 3 in Shields
  4434 | D:5      | Reached skill level 9 in Axes
  4588 | D:5      | Reached XP level 8. HP: 68/68 MP: 8/8
  4612 | D:5      | Reached skill level 4 in Shields
  4626 | D:5      | Reached skill level 10 in Axes
  5050 | D:5      | Found a runed door.
  5064 | D:5      | Noticed Crazy Yiuf
  5067 | D:5      | Killed Crazy Yiuf
  5622 | D:6      | Reached skill level 11 in Axes
  5818 | D:6      | Found a staircase to the Ecumenical Temple.
  5831 | Temple   | Entered the Ecumenical Temple
  5837 | Temple   | Became a worshipper of Kikubaaqudgha
  5837 | Temple   | Reached * piety under Kikubaaqudgha
  5837 | Temple   | Identified Kikubaaqudgha's Tome of Unholy Magic (Kikubaaqudgha gifted it to you in the Ecumenical Temple)
  5837 | Temple   | Received a gift from Kikubaaqudgha
  5837 | Temple   | Reached ** piety under Kikubaaqudgha
  5848 | Temple   | Learned a level 1 spell: Animate Skeleton
  5850 | Temple   | Learned a level 1 spell: Pain
  5853 | Temple   | Learned a level 2 spell: Sublimation of Blood
  5857 | Temple   | Learned a level 3 spell: Regeneration
  6014 | D:6      | Found an ornate altar of the Wu Jian Council.
  6048 | D:6      | Reached skill level 12 in Axes
  6048 | D:6      | Reached skill level 1 in Necromancy
  6071 | D:6      | Reached XP level 9. HP: 64/74 MP: 9/9
  6180 | D:6      | Noticed Sigmund
  6207 | D:6      | Killed Sigmund
  6686 | D:7      | Found Vome's Jewellery Emporium.
  6708 | D:7      | Reached skill level 2 in Necromancy
  6811 | D:7      | Found Lutefa's Food Boutique.
  6841 | D:7      | Reached skill level 6 in Fighting
  6841 | D:7      | Reached skill level 4 in Armour
  7252 | D:7      | Found Jelaon's Book Shop.
  7288 | D:7      | Found Pyrhic's Distillery.
  7708 | D:7      | Reached skill level 13 in Axes
  7708 | D:7      | Reached skill level 3 in Necromancy
  7938 | D:7      | Found Igusuaf's Magic Scroll Shoppe.
  7948 | D:7      | Bought a scroll of magic mapping for 45 gold pieces
  8384 | D:8      | Reached *** piety under Kikubaaqudgha
  8384 | D:8      | Identified Kikubaaqudgha's Volume of Evil (Kikubaaqudgha gifted it to you on level 8 of the Dungeon)
  8384 | D:8      | Received a gift from Kikubaaqudgha
  8556 | D:8      | Reached skill level 5 in Armour
  8787 | D:8      | Reached skill level 1 in Spellcasting
  8787 | D:8      | Reached XP level 10. HP: 84/84 MP: 11/11
  8837 | D:8      | Reached skill level 7 in Fighting
  9093 | D:8      | Found Cil Fapu's Food Boutique.
  9458 | D:8      | Reached skill level 4 in Necromancy
 10322 | D:9      | Found a shadowy altar of Dithmenos.
 10339 | D:9      | Reached skill level 1 in Charms
 10393 | D:9      | Reached skill level 14 in Axes
 10619 | D:9      | Found a staircase to the Lair.
 10757 | D:9      | Reached skill level 2 in Spellcasting
 11103 | D:10     | Entered Level 10 of the Dungeon
 11112 | D:10     | Reached skill level 6 in Armour
 11306 | D:9      | HP: 21/88 [wight/hand axe of electrocution (13)]
 11420 | D:10     | Reached skill level 8 in Fighting
 11504 | D:10     | Reached skill level 5 in Necromancy
 11519 | D:10     | Noticed Nergalle
 11543 | D:10     | Killed Nergalle
 11543 | D:10     | Reached XP level 11. HP: 60/95 MP: 13/15
 11908 | D:10     | Reached **** piety under Kikubaaqudgha
 12044 | D:10     | Noticed an orange crystal statue
 12290 | D:10     | Reached skill level 3 in Spellcasting
 12737 | D:11     | Noticed a five-headed hydra
 12834 | D:11     | Reached skill level 15 in Axes
 12914 | D:11     | Found a staircase to the Orcish Mines.
 12949 | D:11     | Reached skill level 7 in Armour
 13043 | D:11     | Noticed a manticore
 13056 | D:11     | HP: 18/95 [guardian serpent (19)]
 13061 | D:11     | HP: 9/95 [manticore (6)]
 13068 | D:11     | HP: 4/95 [manticore (15)]
 13068 | D:11     | Slain by a manticore

Vault maps used:
D:1:      minmay_arrival_widening_spiral_wide, kennysheep_doodads
D:2:      nicolae_qazlal_eye_of_the_storm
D:3:      zin_statuary, grunt_temple_overflow_cloverleaf, gup_sewer_entry_glass,
          uniq_grinder
D:4:      kennysheep_cross_room
D:5:      first_ration, uniq_crazy_yiuf_cottage
D:6:      kennysheep_mini, temple_statues, uniq_sigmund
D:7:      serial_shops, nicolae_shop_stone, shop, shop_fountains,
          nicolae_shop_waterfront, shop_statue
D:8:      serial_shops, nicolae_shop_behind_doors, the_bakery,
          minmay_fire_ice_demons
D:9:      david_lair_shrubbed, nicolae_dithmenos_through_a_glass_darkly
D:10:     st_stairs_6, hex_large, minmay_protected_statue, uniq_nergalle
D:11:     orc_0_dummy, hangedman_abyss_or_decor_slice,
          nrook_guardian_serpent_double
Temple:   eino_temple_rhombus
Sewer:    sewer_kobolds

Skill      XL: |  1  2  3  4  5  6  7  8  9 10 11 |
---------------+----------------------------------+-----
Fighting       | 4 5 6 8 |  8.6
Armour         | 1 2 3 5 6 7 |  7.0
Axes           | 5 6 7 9 12 13 14 15 | 15.1
Shields        | 2 3 4 |  4.1
Necromancy     | 1 3 5 |  5.5
Spellcasting   | 1 2 3 |  3.2
Charms         | 1 |  1.0
Dodging        | |  2.4
Stealth        | |  1.5

Action                   |  1- 3 |  4- 6 |  7- 9 | 10-12 || total
-------------------------+-------+-------+-------+-------++-------
Melee: Hand axe          |    80 |   170 |   459 |   418 ||  1127
 Fire: Hunting sling     |       |     3 |    38 |       ||    41
 Cast: Animate Skeleton  |       |       |    18 |    23 ||    41
       Pain              |       |       |       |     3 ||     3
Invok: Receive Corpses   |       |       |     1 |     1 ||     2
Evoke: Wand              |       |       |       |     1 ||     1
  Use: Scroll            |     6 |     1 |     3 |     4 ||    14
       Potion            |       |     4 |     5 |     4 ||    13
 Stab: Distracted        |       |       |       |     4 ||     4
       Sleeping          |       |       |       |     1 ||     1
  Eat: Chunk             |     2 |     6 |    20 |    13 ||    41
       Ration            |       |       |       |     1 ||     1
Armor: Chain mail        |    50 |    92 |    86 |       ||   228
       Skin              |       |     5 |    11 |       ||    16
       Scale mail        |       |       |    46 |    93 ||   139
       Leather armour    |       |       |       |    30 ||    30
Dodge: Dodged            |    28 |    53 |    96 |   135 ||   312
Block: Buckler           |       |    16 |    74 |    63 ||   153

Table legend:
 A = Spawn XP
 B = Non-spawn XP
 C = Spawn XP percentage of total XP
 D = Spawn monster count
 E = Non-spawn monster count
 F = Spawn count percentage of total count
 G = Total turns spent on level
                    A         B        C        D         E        F      G
               +---------+---------+-------+---------+---------+-------+---------
         Total |       0 |   11929 |   0.0 |       0 |     274 |   0.0 | 13068
               +---------+---------+-------+---------+---------+-------+---------
           D:1 |       0 |      13 |   0.0 |       0 |       7 |   0.0 |  1027
           D:2 |       0 |      59 |   0.0 |       0 |      20 |   0.0 |   785
           D:3 |       0 |     109 |   0.0 |       0 |      26 |   0.0 |   916
           D:4 |       0 |     370 |   0.0 |       0 |      30 |   0.0 |  1104
           D:5 |       0 |     930 |   0.0 |       0 |      28 |   0.0 |  1589
           D:6 |       0 |    1156 |   0.0 |       0 |      23 |   0.0 |  1260
           D:7 |       0 |    1250 |   0.0 |       0 |      43 |   0.0 |  1387
           D:8 |       0 |    1591 |   0.0 |       0 |      20 |   0.0 |  1430
           D:9 |       0 |    2658 |   0.0 |       0 |      25 |   0.0 |  1594
          D:10 |       0 |    2213 |   0.0 |       0 |      25 |   0.0 |  1471
          D:11 |       0 |    1456 |   0.0 |       0 |      17 |   0.0 |   276
         Sewer |       0 |     124 |   0.0 |       0 |      10 |   0.0 |   188
               +---------+---------+-------+---------+---------+-------+---------

Vault maps used:
D:1:      minmay_arrival_widening_spiral_wide, kennysheep_doodads
D:2:      nicolae_qazlal_eye_of_the_storm
D:3:      zin_statuary, grunt_temple_overflow_cloverleaf, gup_sewer_entry_glass,
          uniq_grinder
D:4:      kennysheep_cross_room
D:5:      first_ration, uniq_crazy_yiuf_cottage
D:6:      kennysheep_mini, temple_statues, uniq_sigmund
D:7:      serial_shops, nicolae_shop_stone, shop, shop_fountains,
          nicolae_shop_waterfront, shop_statue
D:8:      serial_shops, nicolae_shop_behind_doors, the_bakery,
          minmay_fire_ice_demons
D:9:      david_lair_shrubbed, nicolae_dithmenos_through_a_glass_darkly
D:10:     st_stairs_6, hex_large, minmay_protected_statue, uniq_nergalle
D:11:     orc_0_dummy, hangedman_abyss_or_decor_slice,
          nrook_guardian_serpent_double
Temple:   eino_temple_rhombus
Sewer:    sewer_kobolds

Table legend:
 A = Turns spent in this place as a percentage of turns spent in the entire game.
 B = Non-inter-level travel turns spent in this place as a percentage of non-inter-level travel turns spent in the entire game.
 C = Inter-level travel turns spent in this place as a percentage of turns spent in this place.
 D = Turns resting spent in this place as a percentage of non-inter-level travel turns spent in this place.
 E = Turns spent auto-exploring this place as a percentage of non-inter-level travel turns spent in this place.
 F = Non-inter-level travel turns spent in this place divided by the number of levels of this place that you've seen.
                   A       B       C       D       E      F
               +-------+-------+-------+-------+-------+----------------------
         Total | 100.0 | 100.0 |   5.7 |  21.2 |  52.8 | 948.4
       Dungeon |  98.2 |  98.1 |   5.8 |  21.5 |  53.0 | 1100.0
        Temple |   0.3 |   0.3 |   0.0 |  34.1 |   0.0 |  41.0
         Sewer |   1.4 |   1.5 |   0.0 |   0.0 |  50.5 | 188.0
               +-------+-------+-------+-------+-------+----------------------

Table legend:
 A = Kills in this place as a percentage of kills in entire the game.
 B = Kills by you in this place as a percentage of kills by you in the entire game.
 C = Kills by friends in this place as a percentage of kills by friends in the entire game.
 D = Other kills in this place as a percentage of other kills in the entire game.
 E = Experience gained in this place as a percentage of experience gained in the entire game.
 F = Experience gained in this place divided by the number of levels of this place that you have seen.
                   A       B       C       D       E      F
               +-------+-------+-------+-------+-------+----------------------
         Total | 100.0 | 100.0 | 100.0 |   N/A | 100.0 | 917.6
       Dungeon |  96.4 |  96.2 | 100.0 |   N/A |  99.0 | 1073.2
         Sewer |   3.6 |   3.8 |   0.0 |   N/A |   1.0 | 124.0
               +-------+-------+-------+-------+-------+----------------------
